 Dungeon Crawl Stone Soup version 0.17-a0-910-ga669010 (webtiles) character file.

854 Telan the Spear-Bearer (level 7, -5/57 HPs)
             Began as a Minotaur Fighter on May 2, 2015.
             Was an Initiate of Okawaru.
             Slain by Menkaure (20 damage)
             ... on level 5 of the Dungeon.
             The game lasted 00:16:47 (3004 turns).

Telan the Spear-Bearer (Minotaur Fighter)           Turns: 3004, Time: 00:16:47

Health: -5/57      AC:  9    Str: 20    XL:     7   Next: 70%
Magic:  6/6        EV:  7    Int:  7    God:    Okawaru [......]
Gold:   75         SH:  9    Dex: 10    Spells: 0 memorised, 6 levels left

rFire  . . .     SeeInvis +     i - +2 spear (vamp)
rCold  . . .     Clarity  .     b - +0 scale mail
rNeg   . . .     SustAb   .     c - +0 shield
rPois  .         Gourm    .     (helmet restricted)
rElec  .         Spirit   .     x - +0 cloak
rCorr  .         Warding  .     (no gloves)
rMut   .         Stasis   .     t - +0 pair of boots
MR     .....                    p - amulet of rage
Stlth  ..........               r - ring of flight
                                e - ring of see invisible

@: lethally poisoned (-5 -> -11), not resistant to hostile enchantments,
extremely unstealthy
A: retaliatory headbutt, horns 2
a: Renounce Religion, Evoke Berserk Rage, Evoke Flight


You were on level 5 of the Dungeon.
You worshipped Okawaru.
Okawaru was noncommittal.
You were not hungry.

You visited 2 branches of the dungeon, and saw 6 of its levels.

You collected 225 gold pieces.
You spent 150 gold pieces at shops.

Inventory:

Hand weapons
 a - a +0 flail
 i - a +2 vampiric spear (weapon)
Armour
 b - a +0 scale mail (worn)
 c - a +0 shield (worn)
 t - a +0 pair of boots (worn)
 x - a +0 cloak (worn)
Jewellery
 e - a ring of see invisible (left hand)
 k - an uncursed ring of ice
 p - an amulet of rage (around neck)
 r - a ring of flight (right hand)
Magical devices
 y - a wand of digging (4)
Scrolls
 d - 2 scrolls of noise {unknown}
 h - 2 scrolls of recharging
 m - 6 scrolls of identify
 n - 5 scrolls of remove curse
 q - a scroll of fog {unknown}
 u - 3 scrolls of amnesia {unknown}
 v - a scroll of enchant weapon {unknown}
 w - 2 scrolls of blinking {unknown}
 A - a scroll of magic mapping {unknown}
 E - 3 scrolls of teleportation {unknown}
Potions
 f - 4 potions of curing {unknown}
 g - 4 potions of heal wounds {unknown}
 z - a potion of poison {unknown}
 B - a potion of resistance {unknown}
 D - a potion of brilliance {unknown}
Comestibles
 j - 2 meat rations
 l - 2 beef jerkies
 o - a royal jelly
 s - 4 bread rations
 C - a chunk of flesh


   Skills:
 - Level 3.6 Fighting
 - Level 3.0 Maces & Flails
 * Level 10.1 Polearms
 - Level 3.6 Armour
 - Level 3.6 Shields


You had 6 spell levels left.
You didn't know any spells.

Dungeon Overview and Level Annotations

Branches:
Dungeon (5/15)             Temple (1/1) D:4

Altars:
Cheibriados
Dithmenos
Elyvilon
Nemelex Xobeh
Okawaru
Qazlal
Ru
Sif Muna
Vehumet
The Shining One

Shops:
D:4 =

Annotations:
D:5 Menkaure


Innate Abilities, Weirdness & Mutations

You reflexively headbutt those who attack you in melee.
You have a pair of horns on your head.


Message History

You hit the scorpion.
You feel better.
Your headbutt misses the scorpion.
The scorpion is severely wounded.
You feel sick. Menkaure hits you. You block the scorpion's attack.
You hit the scorpion.
You feel better.
You kill the scorpion!
Okawaru accepts your kill.
Your Polearms skill increases to level 10!
You feel sick. Menkaure hits you.
Your shield and scale mail prevent you from hitting Menkaure.
You headbutt Menkaure.
Menkaure is moderately damaged.
Menkaure hits you!
* * * LOW HITPOINT WARNING * * *
You barely miss Menkaure. You headbutt Menkaure.
Menkaure is heavily damaged.
You feel sick.
You hit Menkaure. You headbutt Menkaure.
Menkaure is almost destroyed.
Menkaure hits you!!
You die...

##### ### ##...##
##...... ......#
#.......# ......#
#.......# ##....#
#.......# ##...##
.......#
##....#########......#
......#......##.M†...#
..)..........##.@....#
.............###'#####
..............'......#
..............#......#
##...###.....##......#
##...# #.....######+##
##...........#
.............
..............


You could see Menkaure.

Vanquished Creatures
  An ogre (D:4)
  An ice beast (D:5)
  2 scorpions
  A crimson imp (D:3)
  2 hounds (D:4)
  3 orc priests
  A giant frog zombie (D:5)
  3 orc wizards
  5 worker ants
  7 adders
  An ooze (D:2)
  4 worms
  2 giant geckos
  12 orcs
  2 ball pythons
  7 bats
  3 giant cockroaches
  18 goblins
  11 hobgoblins
  6 jackals
  10 kobolds
  A quokka (D:2)
  8 giant newts
  A quokka skeleton (D:4)
  10 rats
122 creatures vanquished.

Notes
Turn   | Place    | Note
--------------------------------------------------------------
     0 | D:1      | Telan, the Minotaur Fighter, began the quest for the Orb.
     0 | D:1      | Reached XP level 1. HP: 19/19 MP: 0/0
   119 | D:1      | Reached skill level 1 in Polearms
   119 | D:1      | Reached XP level 2. HP: 26/26 MP: 1/1
   814 | D:2      | Reached XP level 3. HP: 31/31 MP: 2/2
  1060 | D:2      | Reached skill level 4 in Polearms
  1060 | D:2      | Reached XP level 4. HP: 35/39 MP: 3/3
  1709 | D:3      | Reached skill level 5 in Polearms
  1711 | D:3      | Reached XP level 5. HP: 34/45 MP: 4/4
  1800 | D:3      | Reached skill level 6 in Polearms
  2131 | D:4      | Found Zeirhots's Jewellery Shop.
  2173 | D:4      | Reached XP level 6. HP: 45/51 MP: 5/5
  2189 | D:4      | Reached skill level 7 in Polearms
  2424 | D:4      | Reached skill level 8 in Polearms
  2437 | D:4      | Reached XP level 7. HP: 36/57 MP: 6/6
  2457 | D:4      | Bought an uncursed ring of see invisible for 150 gold pieces
  2588 | D:4      | Reached skill level 9 in Polearms
  2755 | D:4      | Found a staircase to the Ecumenical Temple.
  2765 | Temple   | Entered the Ecumenical Temple
  2781 | Temple   | Became a worshipper of Warmaster Okawaru
  2854 | D:5      | Entered Level 5 of the Dungeon
  2990 | D:5      | Noticed Menkaure
  3001 | D:5      | Reached skill level 10 in Polearms
  3004 | D:5      | Slain by Menkaure

Action                   |  1- 3 |  4- 6 |  7- 9 || total
-------------------------+-------+-------+-------++-------
Melee: Spear             |    83 |   220 |   113 ||   416
       Flail             |     6 |       |       ||     6
Evoke: Wand              |       |       |     1 ||     1
  Use: Potion            |       |     1 |       ||     1
       Scroll            |       |     3 |       ||     3
  Eat: Bread ration      |     1 |       |       ||     1
       Chunk             |       |     5 |     2 ||     7
